 Dungeon Crawl Stone Soup version 0.27.1-34-g3ba077fa99 (webtiles) character file.

Game seed: 17117395545108926763

57 Delamore the Sneak (level 4, -3/29 HPs)
             Began as an Octopode Brigand on Feb 11, 2022.
             Slain by Sigmund (7 damage)
             ... on level 2 of the Dungeon.
             The game lasted 00:02:12 (1667 turns).

Delamore the Sneak (Octopode Brigand)               Turns: 1667, Time: 00:02:12

Health: -3/29      AC: 12    Str: 10    XL:     4   Next: 0%
Magic:  4/4        EV: 12    Int: 13    God:
Gold:   75         SH:  4    Dex: 14    Spells: 3/3 levels left

rFire    . . .     SeeInvis .   d - +1 dagger (protect)
rCold    . . .     Faith    .   h - +0 buckler
rNeg     . . .     Spirit   .   (helmet restricted)
rPois    .         Reflect  .   (no amulet)
rElec    .         Harm     .   f - ring of Honesty {Will+ AC+4}
rCorr    .         Rampage  .   (no ring)
Will     +....                  (no ring)
Stlth    ++++......             (no ring)
HPRegen  0.09/turn              (no ring)
MPRegen  0.09/turn              (no ring)
                                (no ring)
                                (no ring)

@: under a protective aura, flying
A: almost no armour, amphibious, 8 rings, camouflage 1, gelatinous body 1,
(nimble swimmer 1), tentacles
a: no special abilities


You were on level 2 of the Dungeon.
You visited 1 branch of the dungeon, and saw 2 of its levels.

You collected 75 gold pieces.

Inventory:

Hand Weapons
 a - a +2 dagger
 d - a +1 dagger of protection (weapon)
 k - a +3 dagger
Missiles
 b - 8 poisoned darts (quivered)
Armour
 h - a +0 buckler (worn)
Jewellery
 f - the ring of Honesty (left tentacle) {Will+ AC+4}
   (You acquired it on level 2 of the Dungeon)

   [ring of protection]

   AC:        It affects your AC (+4).
   Will:      It increases your willpower.
Scrolls
 j - a scroll of noise
Potions
 e - a potion of cancellation {unknown}
 g - a potion of resistance {unknown}
 i - 2 potions of flight
 l - a potion of attraction {unknown}


   Skills:
 - Level 2.0 Fighting
 + Level 2.7 Short Blades
 - Level 2.0 Throwing
 - Level 1.0 Dodging
 * Level 6.6 Stealth
 + Level 1.0 Shields


You had 3 spell levels left.
You didn't know any spells.
Your spell library contained the following spells:

 Spells                   Type           Power      Damage    Failure   Level
 Beastly Appendage        Tmut           0%         N/A       41%         1
 Wereblood                Tmut           0%         N/A       56%         2
 Spider Form              Tmut/Pois      0%         N/A       80%         3


Dungeon Overview and Level Annotations

Branches:
Dungeon (2/15)

Altars:

Annotations:
D:2 Sigmund


Innate Abilities, Weirdness & Mutations

You cannot wear most types of armour.
You are amphibious.
You can wear up to eight rings at the same time.
Your skin changes colour to match your surroundings (Stealth+).
Your rubbery body absorbs attacks. (AC +1, EV +1)
((You are camouflaged near water. (Stealth+)))
You have tentacles for arms and can constrict up to eight enemies at once.


Message History

Sigmund casts a spell at you. The magic dart hits you.
You hit Sigmund.
Your weapon exudes an aura of protection.
You grab Sigmund.
Sigmund is moderately wounded.
You constrict Sigmund, but do no damage.
You hit Sigmund.
Sigmund is moderately wounded.
You constrict Sigmund. Sigmund casts a spell at you.
You resist with almost no effort.
You hit Sigmund.
Sigmund is heavily wounded.
You constrict Sigmund. You hit Sigmund.
Sigmund is severely wounded.
You constrict Sigmund.
Sigmund drinks a potion.
Sigmund is healed!
Sigmund looks more healthy.
You hit Sigmund.
Sigmund is heavily wounded.
You constrict Sigmund. You hit Sigmund but do no damage. You squeeze Sigmund.
Sigmund is severely wounded.
You constrict Sigmund.
Sigmund drinks a potion.
Sigmund is healed!
You hit Sigmund.
Sigmund is heavily wounded.
You constrict Sigmund.
Sigmund gestures wildly while chanting.
Sigmund flickers and vanishes!
Deactivating autopickup; reactivate with Ctrl-A.
You hit something. You constrict something. You hit something.
You constrict something. You hit something but do no damage.
You constrict something. You barely miss something. You constrict something.
Something hits you!
* * * LOW HITPOINT WARNING * * *
It was a potion of flight.
You feel very buoyant.
You fly up into the air.
You constrict something. Something hits you!
You die...

..........##.# .### #......
†.........##.# ...##.#.)#
##########...# #..#.#..#
#..### #.#....####
######.#### ##......†...
#.........# #..†##.#####
#.........# ####.#.....# #
#.........######....##....#
#
#............@{(.#####....#
# #.........######## #....#
# #...).....# #....# #
#.........# #....# #
########### ....# # # #


There were no monsters in sight!

Vanquished Creatures
  An adder (D:2)
  A worm (D:2)
  2 dart slugs
  5 bats
  2 endoplasms
  2 giant cockroaches
  4 goblins
  A hobgoblin (D:1)
  2 jackals
  3 quokkas
  3 ball pythons
  3 frilled lizards
  7 kobolds
  A rat (D:1)
37 creatures vanquished.

Notes
Turn   | Place    | Note
-------+----------+-------------------------------------------
     0 | D:1      | Delamore the Octopode Brigand began the quest for the Orb.
     0 | D:1      | Reached XP level 1. HP: 14/14 MP: 1/1
   333 | D:1      | Reached XP level 2. HP: 5/19 MP: 2/2
   704 | D:1      | Reached skill level 6 in Stealth
  1227 | D:2      | Noticed Sigmund
  1287 | D:2      | Reached XP level 3. HP: 24/24 MP: 3/3
  1428 | D:2      | Identified a scroll of acquirement
  1429 | D:2      | Acquired the ring of Honesty {Will+ AC+4}
  1634 | D:2      | Reached skill level 1 in Shields
  1634 | D:2      | Reached XP level 4. HP: 17/29 MP: 4/4
  1667 | D:2      | Slain by Sigmund

Illustrated notes

Levels and vault maps discovered:
D:1:      nagdon_arrival_zigzag_paths, layout_basic, minmay_liquid_box
D:2:      layout_rooms, uniq_sigmund

Skill      XL: |  1  2  3 |
---------------+----------+-----
Stealth        | 6 |  6.6
Shields        | 1 |  1.0
Fighting       | |  2.0
Short Blades   | |  2.7
Throwing       | |  2.0
Dodging        | |  1.0

Action                   |  1- 3 |  4- 6 || total
-------------------------+-------+-------++-------
Melee: Dagger            |    80 |    12 ||    92
       Constrict         |    14 |     1 ||    15
       Tentacles         |     9 |     1 ||    10
Throw: Dart              |     1 |     1 ||     2
  Use: Scroll            |     3 |       ||     3
       Potion            |       |     1 ||     1
 Stab: Sleeping          |    12 |       ||    12
       Distracted        |     1 |       ||     1
Armor: Skin              |    21 |       ||    21
Dodge: Dodged            |    42 |       ||    42
Block: Buckler           |     7 |       ||     7
